 Dungeon Crawl Stone Soup version 0.32-a0-886-g41c5271027 (webtiles) character file.

Game seed: 205140653899120710

7050 Dirtsage the Martial Artist (level 10, -1/79 HPs)
             Began as a Demonspawn Monk on Apr 3, 2024.
             Was an Elder of Wu Jian.
             Slain by a death knight
             ... wielding a +0 battleaxe
              (25 damage)
             ... on level 9 of the Dungeon.
             The game lasted 00:15:06 (8588 turns).

Dirtsage the Martial Artist (Demonspawn Monk)       Turns: 8588, Time: 00:15:07

Health: -1/79      AC: 11    Str: 15    XL:     10   Next: 83%
Magic:  10/10      EV: 16    Int: 11    God:    Wu Jian [****..]
Gold:   647        SH:  0    Dex: 16    Spells: 9/9 levels left

rFire   . .          .
                       - Unarmed
rCold   . . .        d - orb {light}
rNeg    . . .        j - +0 scale mail
rPois   +            (helmet restricted)
rElec   .            r - +1 cloak
rCorr   .            a - +0 pair of gloves
SInv    .            (no boots)
Will    .....        (no amulet) Stlth
                     f - +5 ring of evasion
HPRegen 0.33/turn    P - ring of poison resistance
MPRegen 0.12/turn

%: no passive effects
@: glowing
A: antennae 1, claws 2, hooves 2, spiny 2
a: Renounce Religion, Wall Jump, Serpent's Lash


You were on level 9 of the Dungeon.
You worshipped Wu Jian.
Wu Jian was greatly pleased with you.
You visited 2 branches of the dungeon, and saw 10 of its levels.

You collected 683 gold pieces.
You spent 36 gold pieces at shops.

Inventory:

Armour
 a - a +0 pair of gloves (worn)
 d - an orb of light (worn)
 j - a +0 scale mail (worn)
 r - a +1 cloak (worn)
Magical Staves
 v - a staff of alchemy
Jewellery
 e - a ring of magical power
 f - a +5 ring of evasion (left hand)
 I - a ring of protection from cold
 N - a ring of positive energy
 P - a ring of poison resistance (right hand)
Wands
 o - a wand of flame (27)
 u - a wand of mindburst (7)
 y - a wand of paralysis (6)
Scrolls
 b - a scroll of vulnerability
 k - a scroll of poison {unknown}
 n - 2 scrolls of amnesia
 w - a scroll of immolation {unknown}
 B - 5 scrolls of blinking
Potions
 c - 3 potions of ambrosia
 h - a potion of haste
 l - a potion of heal wounds
 m - a potion of enlightenment {unknown}
 p - a potion of lignification
 q - a potion of curing
 s - a potion of invisibility
 t - 3 potions of might {unknown}
 x - a potion of attraction


   Skills:
 + Level 7.3 Fighting
 - Level 3.9 Maces & Flails
 + Level 5.9 Armour
 + Level 6.6 Dodging
 * Level 10.8 Unarmed Combat


You had 9 spell levels left.
You didn't know any spells.
Your spell library contained the following spells:

 Spells                   Type           Power      Damage    Failure   Level
 Frozen Ramparts          Ice            0%         1d1       98%         3
 Inner Flame              Hex/Fire       0%         N/A       98%         3
 Ozocubu's Armour         Ice            0%         N/A       98%         3
 Volatile Blastmotes      Fire/Tloc      0%         2d10      98%         3
 Fulminant Prism          Conj/Alch      0%         3d5       100%        4
 Iskenderun's Mystic Bla Conj/Tloc 0%             2d3        (+2d1     100%        4
 Irradiate                Conj/Alch      0%         3d11      100%        5
 Metabolic Englaciation   Hex/Ice        0%         N/A       100%        5
 Ignition                 Fire           0%         3d3       100%        8


Dungeon Overview and Level Annotations

Branches:
Dungeon (9/15)             Temple (1/1) D:5             Orc (0/2) D:9
   Lair: D:8-11

Altars:
Ashenzari
Cheibriados
Dithmenos
Fedhas
Kikubaaqudgha
Makhleb
Nemelex Xobeh
Okawaru
Qazlal
Ru
Sif Muna
Trog
Uskayaw
Vehumet
Wu Jian

Shops:
D:2 =   D:7 !


Innate Abilities, Weirdness & Mutations

You have a pair of small antennae on your head.
You have very sharp fingernails.
You have hoof-like feet.
You are mostly covered in sharp spines.


Message History

The killer bee buzzes angrily.
There is an open door here.
The killer bee stings you but does no damage.
You closely miss the killer bee. The killer bee barely misses you.
The killer bee stings you but does no damage.
You hit the killer bee.
The killer bee is lightly wounded.
The killer bee closely misses you.
You punch the killer bee! You kick the killer bee.
You kill the killer bee!
The Council accepts your kill.
The killer bee buzzes angrily.
The killer bee enters a dispersal trap!
You blink.
The death knight offers itself to Yredelemnul, and fills with unholy energy.
Okay, then.
Okay, then.
You hit the death knight but do no damage.
Your kick misses the death knight.
The death knight is struck by your spines.
The death knight hits you with a +0 battleaxe!
You take 13 damage, and have 66/79 hp.
You hit the death knight but do no damage.
You kick the death knight.
The death knight is lightly wounded.
The death knight hits you with a +0 battleaxe!
You take 16 damage, and have 50/79 hp.
MASSIVE DAMAGE!!
You punch the death knight!
You kick the death knight, but do no damage.
The death knight is moderately wounded.
The death knight is struck by your spines.
The death knight hits you with a +0 battleaxe!!
You take 26 damage, and have 24/79 hp.
MASSIVE DAMAGE!!
You hit the death knight.
You kick the death knight, but do no damage.
The death knight is moderately wounded.
You hit the death knight but do no damage.
The death knight is moderately wounded.
The death knight is struck by your spines.
The death knight hits you with a +0 battleaxe!!
You die...

### ### #.####.# #......#
..# #.####.# #.# #.# #.#
#.# #.# #.# #.#
#.####.#.####.#
#..p@..#....#.#
#..#####......# #######..#
#.#.####.#
#######).......###.#..<...#
...............#...####.###
....##.........#.#.# #.#
.....#......)..'...####.#
.....#.........#....รท...#
...............#....#####


You could see a death knight.

Vanquished Creatures
  A two-headed ogre (D:9)
  Joseph (D:7)
  A gargoyle (D:7)
  A troll (D:8)
  2 wyverns (D:9)
  8 yaks (D:9)
  2 steam dragons
  Menkaure (D:6)
  A water moccasin (D:9)
  Duvessa (D:7)
  2 orc warriors
  A black bear (D:6)
  4 ice beasts
  2 sky beasts (D:7)
  An ogre (D:6)
  A centaur (D:8)
  2 phantoms
  3 kobold brigands
  A gnoll sergeant (D:9)
  3 bullfrogs
  3 scorpions
  Dowan (D:7)
  7 killer bees (D:9)
  A howler monkey (D:9)
  3 bombardier beetles
  7 crimson imps (D:7)
  7 orc priests
  A gnoll bouda (D:6)
  A sleepcap (D:4)
  5 hounds
  Crazy Yiuf (D:3)
  7 iguanas
  8 orc wizards
  Terence (D:2)
  3 gnolls (D:6)
  10 adders
  A shadow imp (D:7)
  5 white imps
  3 dart slugs
  3 ribbon worms
  14 orcs
  3 endoplasms
  A giant cockroach (D:1)
  7 goblins
  6 hobgoblins
  9 jackals
  5 quokkas
  11 ball pythons
  5 bats
  2 frilled lizards (D:1)
  14 kobolds
  4 rats
198 creatures vanquished.

Notes
Turn   | Place    | Note
-------+----------+-------------------------------------------
     0 | D:1      | Dirtsage the Demonspawn Monk began the quest for the Orb.
     0 | D:1      | Reached XP level 1. HP: 18/18 MP: 1/1
   218 | D:1      | Gained mutation: You are partially covered in sharp spines.
                  | [demonic ancestry]
   218 | D:1      | Reached XP level 2. HP: 24/24 MP: 2/2
   715 | D:2      | Discovered your monstrous ancestry.
   715 | D:2      | Gained mutation: You have a pair of small antennae on your
                  | head. [demonic ancestry]
   715 | D:2      | Reached XP level 3. HP: 29/29 MP: 3/3
   731 | D:2      | Noticed Terence
   743 | D:2      | Killed Terence
   744 | D:2      | Reached skill level 1 in Unarmed Combat
   813 | D:2      | Reached skill level 2 in Unarmed Combat
   813 | D:2      | Gained mutation: You are mostly covered in sharp spines.
                  | [demonic ancestry]
   813 | D:2      | Reached XP level 4. HP: 28/35 MP: 4/4
  1177 | D:2      | Found Edoonel's Jewellery Shop.
  1638 | D:3      | Reached skill level 3 in Unarmed Combat
  1669 | D:3      | Gained mutation: You have large cloven feet. [demonic
                  | ancestry]
  1669 | D:3      | Reached XP level 5. HP: 41/41 MP: 5/5
  2004 | D:3      | Found an ancient bone altar of Kikubaaqudgha.
  2108 | D:3      | Found a runed translucent door.
  2109 | D:3      | Noticed Crazy Yiuf
  2116 | D:3      | Killed Crazy Yiuf
  2408 | D:3      | Found a blossoming altar of Fedhas.
  2409 | D:3      | Found a hide-covered altar of Uskayaw.
  2631 | D:4      | Reached skill level 4 in Unarmed Combat
  2697 | D:4      | Found an ornate altar of the Wu Jian Council.
  2701 | D:4      | Became a worshipper of the Wu Jian Council
  2701 | D:4      | Reached * piety under Wu Jian
  2701 | D:4      | Reached ** piety under Wu Jian
  2814 | D:4      | Gained mutation: You have sharp fingernails. [demonic
                  | ancestry]
  2814 | D:4      | Reached XP level 6. HP: 37/47 MP: 6/6
  3054 | D:4      | Found a snail-covered altar of Cheibriados.
  3078 | D:4      | Reached skill level 5 in Unarmed Combat
  3363 | D:4      | Found a broken altar of Ashenzari.
  3655 | D:5      | Entered Level 5 of the Dungeon
  3662 | D:5      | Found a staircase to the Ecumenical Temple.
  3678 | D:5      | Reached skill level 6 in Unarmed Combat
  3678 | D:5      | Gained mutation: You have hoof-like feet. [demonic
                  | ancestry]
  3678 | D:5      | Reached XP level 7. HP: 52/52 MP: 7/7
  3680 | Temple   | Entered the Ecumenical Temple
  3860 | D:5      | Found a shadowy altar of Dithmenos.
  4366 | D:6      | Reached skill level 1 in Armour
  4398 | D:6      | Noticed Menkaure
  4415 | D:6      | Killed Menkaure
  4416 | D:6      | Reached skill level 7 in Unarmed Combat
  4416 | D:6      | Gained mutation: You have very sharp fingernails. [demonic
                  | ancestry]
  4416 | D:6      | Reached XP level 8. HP: 32/60 MP: 8/8
  4548 | D:6      | Reached *** piety under Wu Jian
  5195 | D:6      | Reached skill level 8 in Unarmed Combat
  5425 | D:7      | Reached XP level 9. HP: 66/67 MP: 9/9
  5459 | D:7      | Noticed Duvessa
  5466 | D:7      | Killed Duvessa
  5466 | D:7      | Noticed Dowan
  5467 | D:7      | Reached skill level 5 in Fighting
  5494 | D:7      | Killed Dowan
  5743 | D:7      | Found a stormy altar of Qazlal.
  5838 | D:7      | Noticed Joseph
  5858 | D:7      | Killed Joseph
  5859 | D:7      | Reached skill level 5 in Dodging
  5861 | D:7      | Reached skill level 9 in Unarmed Combat
  6042 | D:7      | Found a radiant altar of Vehumet.
  6090 | D:7      | Found Teckoipirr's Distillery.
  6099 | D:7      | Bought a potion of attraction for 36 gold pieces
  6140 | D:7      | Identified the +1 spear of Derufar {chaos, rPois Str+2}
  6188 | D:7      | Reached **** piety under Wu Jian
  6359 | D:7      | Noticed a gargoyle
  6370 | D:7      | Killed a gargoyle
  6910 | D:8      | Reached XP level 10. HP: 64/76 MP: 10/10
  7574 | D:9      | Reached skill level 5 in Armour
  7711 | D:9      | Reached skill level 10 in Unarmed Combat
  7732 | D:9      | Noticed a two-headed ogre
  7740 | D:9      | Killed a two-headed ogre
  7770 | D:9      | Found a staircase to the Orcish Mines.
  7994 | D:9      | Identified the ring "Kiaxtoog" {rPois Will++ MP+9 Slay-4}
  7994 | D:9      | Noticed a death knight
  8223 | D:9      | Noticed a tengu warrior
  8588 | D:9      | Slain by a death knight

Illustrated notes

Levels and vault maps discovered:
D:1:      ebering_hopf_link, layout_loops_cross
D:2:      layout_loops_ring, serial_shops, nicolae_shop_back_alley_shop,
          serial_rivers, chequers_serial_rivers_large_b,
          chequers_serial_rivers_micro_b, chequers_serial_rivers_micro_d,
          chequers_serial_rivers_large_a, chequers_serial_rivers_micro_a,
          minmay_misc_feat_iff, kennysheep_pointless_box, uniq_terence
D:3:      wander_river, layout_basic, mainiacjoe_overflow_small_starburst,
          gammafunk_temple_overflow_statue, minmay_misc_feat_enclosed,
          saegor_snake_ambush, uniq_crazy_yiuf_cottage
D:4:      layout_loops_corners, elyvilon_altar_1, mainiacjoe_overflow_24_doors,
          mainiacjoe_overflow_surrounded_room, kennysheep_little_box
D:5:      layout_basic, grunt_dithmenos_smoke_and_mirrors, kennysheep_mini_moat,
          minmay_temple_entry_slanted
D:6:      layout_basic, uniq_menkaure
D:7:      layout_basic, nicolae_qazlal_general_emergency, fiery_altar_vehumet,
          serial_shops, shop, minmay_nine_imps, uniq_joseph, uniq_duvessa
D:8:      layout_gridville, minmay_misc_feat_chi
D:9:      hangedman_cross_cluster, layout_basic
Temple:   nicolae_temple_bog_church

Skill      XL: |  1  2  3  4  5  6  7  8  9 10 |
---------------+-------------------------------+-----
Maces & Flails | 3 |  3.9
Unarmed Combat | 2 3 4 6 7 8 9 10 | 10.8
Armour         | 1 3 4 5 |  5.9
Dodging        | 3 4 5 6 |  6.6
Fighting       | 4 6 7 |  7.3

Action                     |  1- 3 |  4- 6 |  7- 9 | 10-12 || total
---------------------------+-------+-------+-------+-------++-------
  Melee: Mace              |    69 |     1 |       |       ||    70
         Unarmed           |       |   137 |   273 |   127 ||   537
         Kick              |       |    42 |   118 |    62 ||   222
  Throw: Dart              |       |       |       |     1 ||     1
 Invoke: Serpent's Lash    |       |       |     2 |     1 ||     3
Ability: Lunge             |       |     5 |    20 |     6 ||    31
         Whirlwind         |       |       |    58 |    30 ||    88
    Use: Scroll            |       |     9 |     4 |     1 ||    14
         Potion            |       |       |     2 |     1 ||     3
 Armour: Robe              |    15 |       |       |       ||    15
         Scale mail        |    27 |    49 |    86 |    64 ||   226
  Dodge: Dodged            |    46 |    69 |   115 |    67 ||   297

Table legend: (Time is in decaauts)
 A = Elapsed time spent in this place.
 B = Non-inter-level travel time spent in this place.
 C = Inter-level travel time spent in this place.
 D = Time resting spent in this place.
 E = Time spent auto-exploring this place.
 F = Levels seen in this place.
 G = Mean time per level.
                   A        B        C        D        E       F      G
               +--------+--------+--------+--------+--------+-----+--------+
         Total |   8632 |   8270 |    362 |    324 |   6752 |  10 |  863.2 |
       Dungeon |   8630 |   8268 |    362 |    324 |   6752 |   9 |  958.9 |
        Temple |      1 |      1 |      0 |      0 |      0 |   1 |    1.0 |
               +--------+--------+--------+--------+--------+-----+--------+

Top non-repeatable levels by time:
     D:7: 1457 daAuts
     D:8: 1176 daAuts
     D:4: 1172 daAuts
     D:6: 964 daAuts
     D:2: 946 daAuts
     D:3: 914 daAuts
     D:1: 709 daAuts
     D:5: 671 daAuts
     D:9: 617 daAuts
  Temple: 1 daAuts
